 Dungeon Crawl Stone Soup version 0.25-a0-479-g8579842fd4 (webtiles) character file.

Game seed: 3834909136603259685, levelgen mode: classic

170 EnegeticOcto the Digger (level 5, -1/35 HPs)
             Began as a Mummy Earth Elementalist on Feb 9, 2020.
             Slain by a worker ant (3 damage)
             ... on level 4 of the Dungeon.
             The game lasted 00:08:28 (985 turns).

EnegeticOcto the Digger (Mummy Earth Elementalist)   Turns: 985, Time: 00:08:29

Health: -1/35      AC:  4    Str: 11    XL:     5   Next: 26%
Magic:  4/9        EV: 11    Int: 15    God:
Gold:   74         SH:  0    Dex: 13    Spells: 3/9 levels left

rFire    x . .     SeeInvis .   d - +0 dagger
rCold    + . .     Gourm    .   (no shield)
rNeg     + + +     Faith    .   f - +0 leather armour
rPois    ∞         Spirit   .   (no helmet)
rElec    .         Reflect  .   i - +0 cloak
rCorr    .         Harm     .   (no gloves)
MR       .....                  (no boots)
Stlth    ++........             (no amulet)
HPRegen  0.11/turn              (no ring)
MPRegen  0.11/turn              (no ring)

@: no status effects
A: no food or potions, fire vulnerability, cold resistance 1, negative energy
resistance 3, torment resistance, unbreathing
a: no special abilities


You were on level 4 of the Dungeon.
You were not hungry.

You visited 1 branch of the dungeon, and saw 4 of its levels.

You collected 74 gold pieces.

Inventory:

Hand Weapons
 d - a +0 dagger (weapon)
Missiles
 b - 38 stones (quivered)
Armour
 c - a +0 robe
 f - a +0 leather armour (worn)
 i - a +0 cloak (worn)
Wands
 h - a wand of flame (11)
Scrolls
 g - a scroll of remove curse {@r2}
 j - a scroll of noise
 k - a scroll of magic mapping {@r5 !r}


   Skills:
 - Level 1.5 Dodging
 - Level 1.5 Stealth
 - Level 2.6 Spellcasting
 + Level 2.4 Conjurations
 - Level 0.7 Transmutations
 - Level 4.1 Earth Magic


You had 3 spell levels left.
You knew the following spells:

 Your Spells              Type           Power        Failure   Level  Hunger
a - Sandblast             Erth           ##....       4%          1    N/A
b - Stone Arrow           Conj/Erth      ##....       22%         3    N/A
p - Passwall              Tmut/Erth      #.......     16%         2    N/A

Your spell library contained the following spells:

 Spells                   Type           Power        Failure   Level  Hunger
 Petrify                  Tmut/Erth      #.......     69%         4    N/A
 Lee's Rapid Deconstruct  Erth           ##........   80%         5    N/A

Dungeon Overview and Level Annotations

Branches:
Dungeon (4/15)
 Temple: D:4-7

Altars:
Trog
Yredelemnul

Annotations:
D:4 Dowan


Innate Abilities, Weirdness & Mutations

You do not eat or drink.
Your flesh is vulnerable to fire.
You are immune to poison.
Your flesh is cold resistant. (rC+)
You are immune to negative energy. (rN+++)
You are immune to unholy pain and torment.
You can survive without breathing.


Message History

Aim: a worker ant The blast of sand hits the worker ant.
The worker ant is lightly wounded.
b - 39 stones
Casting: Sandblast (safe; 4% risk of failure)
Confirm with . or Enter, or press ? or * to list all spells.
Aiming: Sandblast (safe; 4% risk of failure)
Press: ? - help, Shift-Dir - straight line, f/p - worker ant
Aim: a worker ant (lightly wounded)
You miscast Sandblast.
You are very lightly contaminated with residual magic.
Nothing appears to happen.
The worker ant closely misses you.
You closely miss the worker ant.
The worker ant is lightly wounded.
The worker ant bites you.
You hit the worker ant but do no damage.
The worker ant is lightly wounded.
The worker ant barely misses you. The worker ant closely misses you.
Casting: Sandblast (safe; 4% risk of failure)
Confirm with . or Enter, or press ? or * to list all spells.
Aiming: Sandblast (safe; 4% risk of failure)
Press: ? - help, Shift-Dir - straight line, f/p - worker ant
Aim: a worker ant The blast of sand hits the worker ant.
The worker ant is moderately wounded.
b - 38 stones The worker ant bites you but does no damage.
Evoke which item? (* to show all) (? for menu, Esc to quit)
Aiming: Throw Flame
Press: ? - help, Shift-Dir - straight line, f/p - worker ant
Aim: a worker ant (moderately wounded)
The puff of flame hits the worker ant.
The worker ant is severely wounded.
The worker ant misses you.
Evoke which item? (* to show all) (? for menu, Esc to quit)
Aiming: Throw Flame
Press: ? - help, Shift-Dir - straight line, f/p - worker ant
Aim: a worker ant (severely wounded)
The puff of flame hits the worker ant.
You kill the worker ant!
You see here a worker ant corpse.
e - a scroll labeled NIEFOUZIAT Your magical contamination has completely faded away.
Found a stone staircase leading down.
Found a leather armour.
A centaur comes into view. 3 killer bees come into view.
The killer bee buzzes angrily.
The centaur shouts!
The killer bee buzzes angrily. x2; You hear an angry hiss.
An adder comes into view.
A killer bee comes into view.
The centaur wields a cursed +0 shortbow.
The centaur shoots an arrow.
The arrow hits you.
You see here an arrow.
As you read the scroll labeled NIEFOUZIAT, it crumbles to dust.
You hear roaring flames.
It was a scroll of random uselessness.
The centaur shoots an arrow.
The arrow barely misses you.
As you read the scroll labeled LOSOPP VOENT, it crumbles to dust.
You feel strangely unstable.
It was a scroll of teleportation.
The killer bee barely misses you.
The killer bee stings you but does no damage.
Your surroundings suddenly seem different.
A jackal comes into view.
The jackal barks!
A jackal comes into view.
The jackal barks!
A worker ant comes into view.
The worker ant twitches its antennae in your direction.
A worker ant comes into view.
Okay, then.
The worker ant bites you. x2
The worker ant bites you but does no damage.
An orc comes into view. It is wielding a +0 falchion.
Found a ration.
An orc and an orc wizard come into view.
The orc shouts!
You hear a shout!
The jackal barely misses you.
Dowan shouts!
The jackal bites you.
Dowan mumbles some strange words.
Dowan blinks!
The orc wizard mumbles some strange words.
The orc wizard blinks!
As you read the scroll labeled JELILO GEIL, it crumbles to dust.
You feel as if something is helping you.
It was a scroll of remove curse.
The jackal bites you but does no damage.
The orc wizard mumbles some strange words.
The orc wizard blinks!
The orc closely misses you. The jackal misses you.
The orc hits you with a +0 flail.
* * * LOW HITPOINT WARNING * * *
The jackal bites you but does no damage.
The jackal bites you.
* * * LOW HITPOINT WARNING * * *
The orc hits you with a +0 falchion.
* * * LOW HITPOINT WARNING * * *
The worker ant misses you. The orc barely misses you.
The orc wizard casts a spell.
The orc wizard blinks!
The orc barely misses you. The worker ant bites you.
You die...

......!.......... #..........
#................##
#..........
##................#
##.........
#......>....o....## #.........
##................###.........
##...................#.......
#..........%......###......#
##...........oaa..# #...###
##.......e..@ho..# ####
#.........ho...#
..............# ...........##
###.......## #########


You could see Dowan, 2 worker ants, an orc wizard, 3 orcs and 2 jackals.

Vanquished Creatures
  A water moccasin skeleton (D:4)
  An iguana (D:4)
  2 worker ants (D:4)
  An adder (D:3)
  An ooze (D:1)
  2 worms (D:2)
  A dart slug (D:1)
  A leopard gecko (D:4)
  4 bats (D:1)
  A giant cockroach (D:1)
  3 goblins
  4 hobgoblins
  3 jackals (D:1)
  A kobold (D:2)
  A frilled lizard (D:1)
  4 rats
31 creatures vanquished.

Notes
Turn   | Place    | Note
-------+----------+-------------------------------------------
     0 | D:1      | EnegeticOcto the Mummy Earth Elementalist began the quest
                  | for the Orb.
     0 | D:1      | Reached XP level 1. HP: 13/13 MP: 4/4
    71 | D:1      | Reached XP level 2. HP: 17/19 MP: 0/5
    78 | D:1      | Reached skill level 3 in Earth Magic
   125 | D:1      | Learned a level 2 spell: Passwall
   273 | D:2      | Reached XP level 3. HP: 10/24 MP: 5/7
   282 | D:2      | Learned a level 3 spell: Stone Arrow
   460 | D:2      | Found a bloodstained altar of Trog.
   466 | D:2      | Found a basalt altar of Yredelemnul.
   636 | D:4      | Reached skill level 4 in Earth Magic
   636 | D:4      | Reached XP level 4. HP: 10/30 MP: 0/8
   779 | D:4      | Reached skill level 1 in Conjurations
   858 | D:4      | Noticed Dowan
   916 | D:4      | Reached XP level 5. HP: 16/35 MP: 1/9
   967 | D:4      | Noticed a centaur
   985 | D:4      | Slain by a worker ant

Levels and vault maps discovered:
D:1:      dpeg_arrival_court, layout_basic, grunt_decor_cap
D:2:      layout_loops_ring, grunt_temple_overflow_order_and_chaos_1,
          amethyst_overflow_temple_binary
D:3:      layout_basic, first_ration, lexackson_kobold_supper
D:4:      layout_cave_pods, kennysheep_decorative_pillar,
          minmay_misc_feat_columns, uniq_duvessa

Skill      XL: |  1  2  3  4 |
---------------+-------------+-----
Earth Magic    | 3 4 |  4.1
Conjurations   | 2 |  2.4
Dodging        | |  1.5
Stealth        | |  1.5
Spellcasting   | |  2.6
Transmutations | |  0.7

Action                   |  1- 3 |  4- 6 || total
-------------------------+-------+-------++-------
Melee: Unarmed           |    33 |       ||    33
       Dagger            |    27 |    16 ||    43
 Cast: Sandblast         |    31 |    14 ||    45
       Stone Arrow       |       |     1 ||     1
Evoke: Wand              |     1 |     3 ||     4
  Use: Scroll            |       |     5 ||     5
 Stab: Sleeping          |     1 |       ||     1
Armor: Robe              |    15 |     1 ||    16
       Leather armour    |       |    13 ||    13
Dodge: Dodged            |    46 |    24 ||    70

Table legend:
 A = Non-vault XP
 B = Vault XP
 C = Vault XP percentage of total XP
 D = Non-vault monster count
 E = Vault monster count
 F = Vault count percentage of total count
                 A         B        C        D         E       F
            +---------+---------+-------+---------+---------+-------
      Total |     244 |       0 |   0.0 |      31 |       0 |   0.0
            +---------+---------+-------+---------+---------+-------
        D:1 |      39 |       0 |   0.0 |      19 |       0 |   0.0
        D:2 |      17 |       0 |   0.0 |       6 |       0 |   0.0
        D:3 |      13 |       0 |   0.0 |       1 |       0 |   0.0
        D:4 |     175 |       0 |   0.0 |       5 |       0 |   0.0
            +---------+---------+-------+---------+---------+-------
